Flames vs Canadiens

Created - November 18 2007 at 12:04

Goals
1 2 3 T
Flames 2 1 1 4
Canadiens 0 0 1 1
Shots
1 2 3 T
Flames 9 9 7 25
Canadiens 9 9 10 28

Period #1

1. Flames , Jarome Iginla 16 (Daymond Langkow, Kristian Huselius) at 0:09
2. Flames , Matthew Lombardi 9 (Alex Tanguay, Jaroslav Modry) at 15:45

Penalties :
Alex Tanguay (CGY) for Roughing (Minor) at 9:17, Ales Hemsky (MTL) for Roughing (Minor) at 15:48, Mathieu Dandenault (MTL) for Tripping (Minor) at 18:44

Period #2

3. Flames , Stephane Yelle 3 (Andrew Ference, Mike Johnson) at 4:55

Penalties :
Daniel Alfredsson (MTL) for Elbowing (Minor) at 14:14, Stephane Yelle (CGY) for Roughing (Minor) at 16:45

Period #3

4. Flames , Kristian Huselius 10 (Jarome Iginla, Dion Phaneuf) at 11:12
5. Canadiens , Ryan Getzlaf 7 (Matt Carle, Alexei Yashin) at 14:21 (PP)

Penalties :
Jarome Iginla (CGY) for Tripping (Minor) at 0:09, Brian Willsie (CGY) for Holding (Minor) at 2:36, Daniel Alfredsson (MTL) for Slashing (Minor) at 9:12, Mike Johnson (CGY) for Tripping (Minor) at 13:13, Robyn Regehr (CGY) for Hooking (Minor) at 16:12, Dion Phaneuf (CGY) for Goalie Interference (Minor) at 16:35, Viktor Kozlov (MTL) for Hooking (Minor) at 19:37

Goalie Stats

Nikolai Khabibulin (CGY), 27 saves from 28 shots - (0.964), W, 4-2-0, 60:00 minutes
Roberto Luongo (MTL), 21 saves from 25 shots - (0.840), L, 14-11-1, 60:00 minutes

Players Stats

Flames
Player Name              G  A  P  +/- PIM S  H  SB FO MP 
-----------------------------------------------------------
Alex Tanguay             0  1  1   1  2   2  0  0  0  17 
Andrew Ference           0  1  1   1  0   0  2  1  0  16 
Bill Guerin              0  0  0   1  0   2  1  0  0  17 
Brian Willsie            0  0  0   1  2   0  0  0  1  11 
Craig Conroy             0  0  0   1  0   0  0  0  13 11 
Daymond Langkow          0  1  1   1  0   0  0  1  25 18 
Dion Phaneuf             0  1  1   3  2   1  0  1  0  23 
Jarome Iginla            1  1  2   1  2   2  0  0  2  16 
Jaroslav Modry           0  1  1   1  0   0  1  0  0  22 
Jussi Jokinen            0  0  0   1  0   2  0  1  1  13 
Kristian Huselius        1  1  2   1  0   6  0  0  0  12 
Marcus Nilson            0  0  0   1  0   0  0  0  0  12 
Matthew Lombardi         1  0  1   1  0   3  3  0  24 21 
Mike Johnson             0  1  1   1  2   2  0  1  1  18 
Rhett Warrener           0  0  0   1  0   0  1  1  0  21 
Robyn Regehr             0  0  0   0  2   0  2  3  0  23 
Roman Hamrlik            0  0  0   2  0   1  2  0  0  20 
Stephane Yelle           1  0  1   1  2   4  0  1  16 13 
Canadiens
Player Name              G  A  P  +/- PIM S  H  SB FO MP 
-----------------------------------------------------------
Ales Hemsky              0  0  0  -2  2   1  0  0  2  15 
Alexander Frolov         0  0  0  -1  0   3  0  0  0  14 
Alexei Yashin            0  1  1  -2  0   0  0  0  3  18 
Bryan Smolinski          0  0  0   0  0   8  0  0  24 18 
Craig Rivet              0  0  0   0  0   0  1  1  0  19 
Daniel Alfredsson        0  0  0  -2  4   0  1  0  12 15 
Darcy Tucker             0  0  0   0  0   1  1  0  1  15 
Jarret Stoll             0  0  0   0  0   0  0  1  11 12 
Jon Sim                  0  0  0  -1  0   1  1  0  0  13 
Karlis Skrastins         0  0  0   0  0   1  0  0  0  19 
Lubomir Visnovsky        0  0  0  -2  0   3  0  0  0  23 
Martin Gelinas           0  0  0  -1  0   1  0  0  3  12 
Mathieu Dandenault       0  0  0  -2  2   0  0  0  0  22 
Matt Carle               0  1  1  -2  0   1  0  0  0  20 
Maxim Afinogenov         0  0  0  -1  0   3  0  1  1  15 
Ryan Getzlaf             1  0  1  -2  0   5  1  1  24 19 
Ryan Whitney             0  0  0  -2  0   0  0  0  0  23 
Viktor Kozlov            0  0  0   0  2   0  1  0  2  18 

3 Stars

1 - Nikolai Khabibulin (CGY)
2 - Jarome Iginla (CGY)
3 - Kristian Huselius (CGY)

Power Play

Flames - 0 on 5 Attempt(s) - 0.00%
Canadiens - 1 on 7 Attempt(s) - 14.29%

Penalty Kill

Flames - 6 on 7 Attempt(s) - 85.71% - Score 0 goal in Penalty Kill
Canadiens - 5 on 5 Attempt(s) - 100.00% - Score 0 goal in Penalty Kill

Game Notes

No Game Note

Finance

Level 1 -- Attendance: 4438 (63.39%) -- Ticket Income $443,800.00
Level 2 -- Attendance: 3852 (64.20%) -- Ticket Income $231,120.00
Level 3 -- Attendance: 2137 (67.17%) -- Ticket Income $74,795.00
Level 4 -- Attendance: 2181 (51.93%) -- Ticket Income $65,430.00
Luxury Box -- Attendance: 781 (62.52%) -- Ticket Income $195,250.00
Game was played at the Bell Centre
Total Attendance: 13389 (61.90%)
Total Ticket Income: $1,100,672.00
Other Income: $174,819.90
Total Income: $1,275,492.00


Play by Play

Period #1

0:01 of 1st period - Daymond Langkow wins face-off versus Daniel Alfredsson in neutral zone.
0:03 of 1st period - Off-side.
0:04 of 1st period - Daymond Langkow wins face-off versus Daniel Alfredsson in neutral zone.
0:09 of 1st period - Shot by Daymond Langkow.
0:09 of 1st period - Deflect By Jarome Iginla.
0:09 of 1st period - Goal by Jarome Iginla - Flames : 1 - Canadiens : 0.
0:10 of 1st period - Ryan Getzlaf wins face-off versus Matthew Lombardi in neutral zone.
0:18 of 1st period - Alexei Yashin is hit by Bill Guerin and loses puck.
0:55 of 1st period - Ryan Getzlaf is hit by Robyn Regehr and loses puck.
1:25 of 1st period - Ales Hemsky is hit by Roman Hamrlik and loses puck.
1:38 of 1st period - Shot by Kristian Huselius.
1:38 of 1st period - Deflect By Jarome Iginla.
1:38 of 1st period - Shot Misses the Net.
1:42 of 1st period - Shot by Daymond Langkow.
1:42 of 1st period - Shot Misses the Net.
1:46 of 1st period - Shot by Kristian Huselius.
1:46 of 1st period - Stopped by Roberto Luongo without a rebound.
1:47 of 1st period - Stephane Yelle wins face-off versus Daniel Alfredsson in Canadiens zone.
1:58 of 1st period - Shot by Maxim Afinogenov.
1:58 of 1st period - Stopped by Nikolai Khabibulin with a rebound.
2:02 of 1st period - Shot by Maxim Afinogenov.
2:02 of 1st period - Shot Misses the Net.
2:06 of 1st period - Shot by Daniel Alfredsson.
2:06 of 1st period - Deflect By Alexander Frolov.
2:06 of 1st period - Shot Misses the Net.
2:10 of 1st period - Shot by Maxim Afinogenov.
2:10 of 1st period - Deflect By Alexander Frolov.
2:10 of 1st period - Shot Blocked by Stephane Yelle.
2:59 of 1st period - Icing by Karlis Skrastins.
3:00 of 1st period - Bryan Smolinski wins face-off versus Matthew Lombardi in Canadiens zone.
4:15 of 1st period - Daymond Langkow is hit by Jon Sim and loses puck.
4:26 of 1st period - Shot by Daymond Langkow.
4:26 of 1st period - Deflect By Jarome Iginla.
4:26 of 1st period - Shot Misses the Net.
4:28 of 1st period - Shot by Jarome Iginla.
4:28 of 1st period - Stopped by Roberto Luongo with a rebound.
4:30 of 1st period - Shot by Roman Hamrlik.
4:30 of 1st period - Stopped by Roberto Luongo without a rebound.
4:31 of 1st period - Craig Conroy wins face-off versus Ryan Getzlaf in Canadiens zone.
7:29 of 1st period - Icing by Ryan Whitney.
7:30 of 1st period - Stephane Yelle wins face-off versus Ryan Getzlaf in Canadiens zone.
7:35 of 1st period - Shot by Stephane Yelle.
7:35 of 1st period - Shot Misses the Net.
8:07 of 1st period - Shot by Viktor Kozlov.
8:07 of 1st period - Shot Misses the Net.
8:09 of 1st period - Shot by Karlis Skrastins.
8:09 of 1st period - Shot Blocked by Mike Johnson.
8:13 of 1st period - Shot by Bryan Smolinski.
8:13 of 1st period - Stopped by Nikolai Khabibulin without a rebound.
8:14 of 1st period - Matthew Lombardi wins face-off versus Martin Gelinas in Flames zone.
8:23 of 1st period - Shot by Bill Guerin.
8:23 of 1st period - Stopped by Roberto Luongo with a rebound.
8:43 of 1st period - Shot by Jon Sim.
8:43 of 1st period - Stopped by Nikolai Khabibulin without a rebound.
8:44 of 1st period - Daymond Langkow wins face-off versus Bryan Smolinski in Flames zone.
8:48 of 1st period - Off-side.
8:49 of 1st period - Bryan Smolinski wins face-off versus Craig Conroy in neutral zone.
9:08 of 1st period - Shot by Bryan Smolinski.
9:08 of 1st period - Stopped by Nikolai Khabibulin without a rebound.
9:09 of 1st period - Ryan Getzlaf wins face-off versus Matthew Lombardi in Flames zone.
9:17 of 1st period - Minor Penalty to Alex Tanguay for Roughing.
9:18 of 1st period - Daymond Langkow wins face-off versus Jarret Stoll in Flames zone.
9:34 of 1st period - Icing by Jarret Stoll.
9:35 of 1st period - Matthew Lombardi wins face-off versus Jarret Stoll in Canadiens zone.
9:50 of 1st period - Shot by Maxim Afinogenov.
9:50 of 1st period - Shot Blocked by Daymond Langkow.
9:56 of 1st period - Shot by Lubomir Visnovsky.
9:56 of 1st period - Stopped by Nikolai Khabibulin without a rebound.
9:57 of 1st period - Matthew Lombardi wins face-off versus Ryan Getzlaf in Flames zone.
10:22 of 1st period - Shot by Matt Carle.
10:22 of 1st period - Stopped by Nikolai Khabibulin without a rebound.
10:23 of 1st period - Alexei Yashin wins face-off versus Matthew Lombardi in Flames zone.
10:43 of 1st period - Icing by Mathieu Dandenault.
10:44 of 1st period - Alexei Yashin wins face-off versus Daymond Langkow in Canadiens zone.
11:21 of 1st period - Shot by Jussi Jokinen.
11:21 of 1st period - Stopped by Roberto Luongo without a rebound.
11:22 of 1st period - Craig Conroy wins face-off versus Darcy Tucker in Canadiens zone.
11:31 of 1st period - Shot by Bryan Smolinski.
11:31 of 1st period - Shot Misses the Net.
13:22 of 1st period - Shot by Alex Tanguay.
13:22 of 1st period - Deflect By Bill Guerin.
13:22 of 1st period - Shot Blocked by Ryan Getzlaf.
13:31 of 1st period - Icing by Matt Carle.
13:32 of 1st period - Ryan Getzlaf wins face-off versus Stephane Yelle in Canadiens zone.
13:55 of 1st period - Shot by Mike Johnson.
13:55 of 1st period - Deflect By Stephane Yelle.
13:55 of 1st period - Shot Blocked by Maxim Afinogenov.
14:07 of 1st period - Shot by Alexander Frolov.
14:07 of 1st period - Stopped by Nikolai Khabibulin without a rebound.
14:08 of 1st period - Daymond Langkow wins face-off versus Bryan Smolinski in Flames zone.
14:08 of 1st period - Jarome Iginla is hit by Craig Rivet and loses puck.
14:28 of 1st period - Shot by Viktor Kozlov.
14:28 of 1st period - Shot Blocked by Robyn Regehr.
14:33 of 1st period - Bryan Smolinski is hit by Robyn Regehr and loses puck.
15:45 of 1st period - Shot by Matthew Lombardi.
15:45 of 1st period - Goal by Matthew Lombardi - Flames : 2 - Canadiens : 0.
15:46 of 1st period - Craig Conroy wins face-off versus Ryan Getzlaf in neutral zone.
15:48 of 1st period - Minor Penalty to Ales Hemsky for Roughing.
15:49 of 1st period - Jarret Stoll wins face-off versus Matthew Lombardi in Canadiens zone.
17:00 of 1st period - Shot by Daymond Langkow.
17:00 of 1st period - Shot Misses the Net.
17:02 of 1st period - Shot by Dion Phaneuf.
17:02 of 1st period - Shot Blocked by Jarret Stoll.
17:04 of 1st period - Shot by Kristian Huselius.
17:04 of 1st period - Stopped by Roberto Luongo without a rebound.
17:05 of 1st period - Matthew Lombardi wins face-off versus Bryan Smolinski in Canadiens zone.
18:28 of 1st period - Shot by Ales Hemsky.
18:28 of 1st period - Stopped by Nikolai Khabibulin without a rebound.
18:29 of 1st period - Daymond Langkow wins face-off versus Bryan Smolinski in Flames zone.
18:31 of 1st period - Icing by Kristian Huselius.
18:32 of 1st period - Bryan Smolinski wins face-off versus Daymond Langkow in Flames zone.
18:43 of 1st period - Shot by Bryan Smolinski.
18:43 of 1st period - Stopped by Nikolai Khabibulin without a rebound.
18:44 of 1st period - Brian Willsie wins face-off versus Daniel Alfredsson in Flames zone.
18:44 of 1st period - Minor Penalty to Mathieu Dandenault for Tripping.
18:45 of 1st period - Jarret Stoll wins face-off versus Daymond Langkow in Flames zone.
18:48 of 1st period - Shot by Martin Gelinas.
18:48 of 1st period - Shot Misses the Net.
19:00 of 1st period - Shot by Kristian Huselius.
19:00 of 1st period - Stopped by Roberto Luongo without a rebound.
19:01 of 1st period - Bryan Smolinski wins face-off versus Matthew Lombardi in Canadiens zone.

Period #2

0:01 of 2nd period - Bryan Smolinski wins face-off versus Daymond Langkow in neutral zone.
0:10 of 2nd period - Shot by Kristian Huselius.
0:10 of 2nd period - Shot Misses the Net.
0:14 of 2nd period - Shot by Kristian Huselius.
0:14 of 2nd period - Shot Misses the Net.
0:36 of 2nd period - Shot by Kristian Huselius.
0:36 of 2nd period - Shot Misses the Net.
0:40 of 2nd period - Shot by Jarome Iginla.
0:40 of 2nd period - Shot Blocked by Craig Rivet.
0:42 of 2nd period - Shot by Dion Phaneuf.
0:42 of 2nd period - Stopped by Roberto Luongo without a rebound.
0:43 of 2nd period - Bryan Smolinski wins face-off versus Matthew Lombardi in Canadiens zone.
1:21 of 2nd period - Shot by Maxim Afinogenov.
1:21 of 2nd period - Stopped by Nikolai Khabibulin without a rebound.
1:22 of 2nd period - Craig Conroy wins face-off versus Ryan Getzlaf in Flames zone.
2:37 of 2nd period - Icing by Karlis Skrastins.
2:38 of 2nd period - Viktor Kozlov wins face-off versus Matthew Lombardi in Canadiens zone.
2:47 of 2nd period - Shot by Bryan Smolinski.
2:47 of 2nd period - Stopped by Nikolai Khabibulin without a rebound.
2:48 of 2nd period - Stephane Yelle wins face-off versus Daniel Alfredsson in Flames zone.
3:03 of 2nd period - Shot by Mike Johnson.
3:03 of 2nd period - Shot Misses the Net.
3:15 of 2nd period - Shot by Alexander Frolov.
3:15 of 2nd period - Deflect By Daniel Alfredsson.
3:15 of 2nd period - Shot Hit the Post.
3:41 of 2nd period - Shot by Alex Tanguay.
3:41 of 2nd period - Shot Misses the Net.
3:45 of 2nd period - Shot by Alex Tanguay.
3:45 of 2nd period - Stopped by Roberto Luongo with a rebound.
3:49 of 2nd period - Shot by Bill Guerin.
3:49 of 2nd period - Deflect By Matthew Lombardi.
3:49 of 2nd period - Shot Misses the Net.
3:53 of 2nd period - Shot by Alex Tanguay.
3:53 of 2nd period - Deflect By Matthew Lombardi.
3:53 of 2nd period - Shot Misses the Net.
4:02 of 2nd period - Maxim Afinogenov is hit by Matthew Lombardi and loses puck.
4:18 of 2nd period - Off-side.
4:19 of 2nd period - Ryan Getzlaf wins face-off versus Daymond Langkow in neutral zone.
4:43 of 2nd period - Icing by Matt Carle.
4:44 of 2nd period - Stephane Yelle wins face-off versus Ryan Getzlaf in Canadiens zone.
4:51 of 2nd period - Shot by Mike Johnson.
4:51 of 2nd period - Shot Hit the Post.
4:55 of 2nd period - Shot by Stephane Yelle.
4:55 of 2nd period - Goal by Stephane Yelle - Flames : 3 - Canadiens : 0.
4:56 of 2nd period - Craig Conroy wins face-off versus Bryan Smolinski in neutral zone.
5:27 of 2nd period - Shot by Jussi Jokinen.
5:27 of 2nd period - Deflect By Craig Conroy.
5:27 of 2nd period - Shot Misses the Net.
6:10 of 2nd period - Shot by Ryan Getzlaf.
6:10 of 2nd period - Stopped by Nikolai Khabibulin without a rebound.
6:11 of 2nd period - Daniel Alfredsson wins face-off versus Stephane Yelle in Flames zone.
6:35 of 2nd period - Daniel Alfredsson is hit by Andrew Ference and loses puck.
7:19 of 2nd period - Shot by Kristian Huselius.
7:19 of 2nd period - Shot Misses the Net.
7:23 of 2nd period - Shot by Kristian Huselius.
7:23 of 2nd period - Stopped by Roberto Luongo with a rebound.
7:47 of 2nd period - Shot by Matthew Lombardi.
7:47 of 2nd period - Stopped by Roberto Luongo with a rebound.
7:51 of 2nd period - Shot by Matthew Lombardi.
7:51 of 2nd period - Stopped by Roberto Luongo without a rebound.
7:52 of 2nd period - Bryan Smolinski wins face-off versus Matthew Lombardi in Canadiens zone.
7:56 of 2nd period - Icing by Viktor Kozlov.
7:57 of 2nd period - Matthew Lombardi wins face-off versus Bryan Smolinski in Canadiens zone.
8:02 of 2nd period - Shot by Bill Guerin.
8:02 of 2nd period - Shot Hit the Post.
8:13 of 2nd period - Icing by Karlis Skrastins.
8:14 of 2nd period - Bryan Smolinski wins face-off versus Stephane Yelle in Canadiens zone.
8:31 of 2nd period - Shot by Bryan Smolinski.
8:31 of 2nd period - Shot Misses the Net.
8:35 of 2nd period - Shot by Viktor Kozlov.
8:35 of 2nd period - Deflect By Darcy Tucker.
8:35 of 2nd period - Stopped by Nikolai Khabibulin without a rebound.
8:36 of 2nd period - Daniel Alfredsson wins face-off versus Daymond Langkow in Flames zone.
8:50 of 2nd period - Icing by Roman Hamrlik.
8:51 of 2nd period - Daymond Langkow wins face-off versus Martin Gelinas in Flames zone.
9:24 of 2nd period - Shot by Jon Sim.
9:24 of 2nd period - Deflect By Martin Gelinas.
9:24 of 2nd period - Stopped by Nikolai Khabibulin with a rebound.
10:15 of 2nd period - Shot by Bryan Smolinski.
10:15 of 2nd period - Stopped by Nikolai Khabibulin without a rebound.
10:16 of 2nd period - Stephane Yelle wins face-off versus Ryan Getzlaf in Flames zone.
10:50 of 2nd period - Icing by Mike Johnson.
10:51 of 2nd period - Bryan Smolinski wins face-off versus Stephane Yelle in Flames zone.
11:42 of 2nd period - Shot by Bill Guerin.
11:42 of 2nd period - Deflect By Alex Tanguay.
11:42 of 2nd period - Stopped by Roberto Luongo without a rebound.
11:43 of 2nd period - Craig Conroy wins face-off versus Ryan Getzlaf in Canadiens zone.
12:42 of 2nd period - Shot by Alexander Frolov.
12:42 of 2nd period - Deflect By Maxim Afinogenov.
12:42 of 2nd period - Shot Blocked by Jussi Jokinen.
12:44 of 2nd period - Shot by Lubomir Visnovsky.
12:44 of 2nd period - Shot Misses the Net.
12:46 of 2nd period - Shot by Mathieu Dandenault.
12:46 of 2nd period - Shot Misses the Net.
12:48 of 2nd period - Shot by Alexander Frolov.
12:48 of 2nd period - Stopped by Nikolai Khabibulin with a rebound.
12:52 of 2nd period - Shot by Maxim Afinogenov.
12:52 of 2nd period - Shot Misses the Net.
12:54 of 2nd period - Shot by Lubomir Visnovsky.
12:54 of 2nd period - Stopped by Nikolai Khabibulin without a rebound.
12:55 of 2nd period - Matthew Lombardi wins face-off versus Bryan Smolinski in Flames zone.
13:08 of 2nd period - Shot by Alex Tanguay.
13:08 of 2nd period - Shot Misses the Net.
13:53 of 2nd period - Icing by Craig Rivet.
13:54 of 2nd period - Stephane Yelle wins face-off versus Bryan Smolinski in Canadiens zone.
13:57 of 2nd period - Shot by Mike Johnson.
13:57 of 2nd period - Stopped by Roberto Luongo with a rebound.
14:14 of 2nd period - Minor Penalty to Daniel Alfredsson for Elbowing.
14:15 of 2nd period - Daymond Langkow wins face-off versus Jarret Stoll in neutral zone.
14:20 of 2nd period - Shot by Kristian Huselius.
14:20 of 2nd period - Stopped by Roberto Luongo without a rebound.
14:21 of 2nd period - Daymond Langkow wins face-off versus Jarret Stoll in Canadiens zone.
16:21 of 2nd period - Daniel Alfredsson is hit by Rhett Warrener and loses puck.
16:45 of 2nd period - Minor Penalty to Stephane Yelle for Roughing.
16:46 of 2nd period - Ryan Getzlaf wins face-off versus Daymond Langkow in Flames zone.
17:03 of 2nd period - Shot by Jarret Stoll.
17:03 of 2nd period - Shot Blocked by Robyn Regehr.
17:20 of 2nd period - Off-side.
17:21 of 2nd period - Matthew Lombardi wins face-off versus Alexei Yashin in neutral zone.
18:29 of 2nd period - Icing by Ryan Whitney.
18:30 of 2nd period - Ryan Getzlaf wins face-off versus Matthew Lombardi in Canadiens zone.
19:02 of 2nd period - Shot by Bryan Smolinski.
19:02 of 2nd period - Stopped by Nikolai Khabibulin without a rebound.
19:03 of 2nd period - Daniel Alfredsson wins face-off versus Stephane Yelle in Flames zone.

Period #3

0:01 of 3rd period - Daniel Alfredsson wins face-off versus Daymond Langkow in neutral zone.
0:09 of 3rd period - Minor Penalty to Jarome Iginla for Tripping.
0:10 of 3rd period - Ryan Getzlaf wins face-off versus Daymond Langkow in Flames zone.
0:38 of 3rd period - Icing by Ryan Whitney.
0:39 of 3rd period - Ryan Getzlaf wins face-off versus Matthew Lombardi in Canadiens zone.
0:54 of 3rd period - Shot by Ryan Getzlaf.
0:54 of 3rd period - Stopped by Nikolai Khabibulin without a rebound.
0:55 of 3rd period - Matthew Lombardi wins face-off versus Jarret Stoll in Flames zone.
2:05 of 3rd period - Icing by Ryan Getzlaf.
2:06 of 3rd period - Daymond Langkow wins face-off versus Ryan Getzlaf in Canadiens zone.
2:11 of 3rd period - Shot by Mike Johnson.
2:11 of 3rd period - Stopped by Roberto Luongo without a rebound.
2:12 of 3rd period - Craig Conroy wins face-off versus Bryan Smolinski in Canadiens zone.
2:36 of 3rd period - Minor Penalty to Brian Willsie for Holding.
2:37 of 3rd period - Maxim Afinogenov wins face-off versus Daymond Langkow in Flames zone.
2:40 of 3rd period - Shot by Alexander Frolov.
2:40 of 3rd period - Shot Misses the Net.
3:10 of 3rd period - Shot by Alexander Frolov.
3:10 of 3rd period - Shot Blocked by Robyn Regehr.
3:12 of 3rd period - Shot by Lubomir Visnovsky.
3:12 of 3rd period - Stopped by Nikolai Khabibulin without a rebound.
3:13 of 3rd period - Ryan Getzlaf wins face-off versus Matthew Lombardi in Flames zone.
4:28 of 3rd period - Shot by Maxim Afinogenov.
4:28 of 3rd period - Shot Misses the Net.
4:53 of 3rd period - Darcy Tucker is hit by Andrew Ference and loses puck.
5:07 of 3rd period - Off-side.
5:08 of 3rd period - Daniel Alfredsson wins face-off versus Stephane Yelle in neutral zone.
5:34 of 3rd period - Shot by Stephane Yelle.
5:34 of 3rd period - Stopped by Roberto Luongo without a rebound.
5:35 of 3rd period - Ryan Getzlaf wins face-off versus Daymond Langkow in Canadiens zone.
5:50 of 3rd period - Shot by Ryan Getzlaf.
5:50 of 3rd period - Deflect By Alexei Yashin.
5:50 of 3rd period - Shot Misses the Net.
6:38 of 3rd period - Shot by Alex Tanguay.
6:38 of 3rd period - Shot Misses the Net.
6:55 of 3rd period - Alex Tanguay is hit by Darcy Tucker and loses puck.
7:21 of 3rd period - Maxim Afinogenov is hit by Jaroslav Modry and loses puck.
7:37 of 3rd period - Maxim Afinogenov is hit by Matthew Lombardi and loses puck.
7:46 of 3rd period - Shot by Maxim Afinogenov.
7:46 of 3rd period - Stopped by Nikolai Khabibulin without a rebound.
7:47 of 3rd period - Stephane Yelle wins face-off versus Ryan Getzlaf in Flames zone.
8:08 of 3rd period - Shot by Stephane Yelle.
8:08 of 3rd period - Stopped by Roberto Luongo without a rebound.
8:09 of 3rd period - Craig Conroy wins face-off versus Bryan Smolinski in Canadiens zone.
8:33 of 3rd period - Karlis Skrastins is hit by Roman Hamrlik and loses puck.
8:40 of 3rd period - Shot by Viktor Kozlov.
8:40 of 3rd period - Shot Hit the Post.
8:49 of 3rd period - Roman Hamrlik is hit by Daniel Alfredsson and loses puck.
8:58 of 3rd period - Shot by Daniel Alfredsson.
8:58 of 3rd period - Shot Blocked by Dion Phaneuf.
9:12 of 3rd period - Minor Penalty to Daniel Alfredsson for Slashing.
9:13 of 3rd period - Daymond Langkow wins face-off versus Jarret Stoll in Flames zone.
10:42 of 3rd period - Icing by Jaroslav Modry.
10:43 of 3rd period - Bryan Smolinski wins face-off versus Matthew Lombardi in Flames zone.
11:12 of 3rd period - Shot by Kristian Huselius.
11:12 of 3rd period - Goal by Kristian Huselius - Flames : 4 - Canadiens : 0.
11:13 of 3rd period - Ryan Getzlaf wins face-off versus Craig Conroy in neutral zone.
11:55 of 3rd period - Icing by Dion Phaneuf.
11:56 of 3rd period - Daniel Alfredsson wins face-off versus Craig Conroy in Flames zone.
12:20 of 3rd period - Shot by Alexander Frolov.
12:20 of 3rd period - Stopped by Nikolai Khabibulin without a rebound.
12:21 of 3rd period - Stephane Yelle wins face-off versus Bryan Smolinski in Flames zone.
12:31 of 3rd period - Shot by Stephane Yelle.
12:31 of 3rd period - Stopped by Roberto Luongo without a rebound.
12:32 of 3rd period - Viktor Kozlov wins face-off versus Matthew Lombardi in Canadiens zone.
12:39 of 3rd period - Shot by Darcy Tucker.
12:39 of 3rd period - Shot Misses the Net.
12:41 of 3rd period - Shot by Karlis Skrastins.
12:41 of 3rd period - Stopped by Nikolai Khabibulin with a rebound.
12:45 of 3rd period - Shot by Bryan Smolinski.
12:45 of 3rd period - Stopped by Nikolai Khabibulin without a rebound.
12:46 of 3rd period - Daniel Alfredsson wins face-off versus Stephane Yelle in Flames zone.
13:13 of 3rd period - Minor Penalty to Mike Johnson for Tripping.
13:14 of 3rd period - Daymond Langkow wins face-off versus Ryan Getzlaf in Flames zone.
13:14 of 3rd period - Jaroslav Modry is hit by Ryan Getzlaf and loses puck.
13:27 of 3rd period - Shot by Ryan Getzlaf.
13:27 of 3rd period - Stopped by Nikolai Khabibulin without a rebound.
13:28 of 3rd period - Daymond Langkow wins face-off versus Jarret Stoll in Flames zone.
14:17 of 3rd period - Shot by Ryan Getzlaf.
14:17 of 3rd period - Shot Blocked by Rhett Warrener.
14:21 of 3rd period - Shot by Ryan Getzlaf.
14:21 of 3rd period - Goal by Ryan Getzlaf - Flames : 4 - Canadiens : 1.
14:22 of 3rd period - Bryan Smolinski wins face-off versus Stephane Yelle in neutral zone.
15:09 of 3rd period - Icing by Darcy Tucker.
15:10 of 3rd period - Craig Conroy wins face-off versus Bryan Smolinski in Canadiens zone.
15:11 of 3rd period - Shot by Jussi Jokinen.
15:11 of 3rd period - Stopped by Roberto Luongo without a rebound.
15:12 of 3rd period - Matthew Lombardi wins face-off versus Ryan Getzlaf in Canadiens zone.
15:34 of 3rd period - Matt Carle is hit by Matthew Lombardi and loses puck.
16:11 of 3rd period - Shot by Alexander Frolov.
16:11 of 3rd period - Shot Misses the Net.
16:12 of 3rd period - Minor Penalty to Robyn Regehr for Hooking.
16:13 of 3rd period - Jarret Stoll wins face-off versus Jussi Jokinen in Flames zone.
16:35 of 3rd period - Minor Penalty to Dion Phaneuf for Goalie Interference.
16:36 of 3rd period - Ryan Getzlaf wins face-off versus Jarome Iginla in Canadiens zone.
17:39 of 3rd period - Shot by Alexander Frolov.
17:39 of 3rd period - Shot Misses the Net.
17:43 of 3rd period - Shot by Maxim Afinogenov.
17:43 of 3rd period - Shot Blocked by Andrew Ference.
17:57 of 3rd period - Shot by Ales Hemsky.
17:57 of 3rd period - Deflect By Ryan Getzlaf.
17:57 of 3rd period - Stopped by Nikolai Khabibulin without a rebound.
17:58 of 3rd period - Jarome Iginla wins face-off versus Ales Hemsky in Flames zone.
18:12 of 3rd period - Off-side.
18:13 of 3rd period - Mike Johnson wins face-off versus Ales Hemsky in neutral zone.
18:36 of 3rd period - Shot by Darcy Tucker.
18:36 of 3rd period - Deflect By Bryan Smolinski.
18:36 of 3rd period - Stopped by Nikolai Khabibulin without a rebound.
18:37 of 3rd period - Craig Conroy wins face-off versus Bryan Smolinski in Flames zone.
18:39 of 3rd period - Jussi Jokinen is hit by Viktor Kozlov and loses puck.
19:37 of 3rd period - Minor Penalty to Viktor Kozlov for Hooking.
19:38 of 3rd period - Matthew Lombardi wins face-off versus Martin Gelinas in Canadiens zone.
19:48 of 3rd period - Shot by Bill Guerin.
19:48 of 3rd period - Stopped by Roberto Luongo without a rebound.
19:49 of 3rd period - Daymond Langkow wins face-off versus Jarret Stoll in Canadiens zone.


Output by the SimonT Hockey Simulator (STHS) for Stephane Roy -- Original Page W3C XHTML 1.0 Valid